 Dungeon Crawl Stone Soup version 0.25-a0-578-gc91f01c39c (webtiles) character file.

Game seed: 13205834103080394825, levelgen mode: deterministic

58 drasked the Chopper (level 4, -2/41 HPs)
             Began as a Hill Orc Monk on Mar 5, 2020.
             Slain by a bullfrog skeleton (4 damage)
             ... on level 2 of the Dungeon.
             The game lasted 00:03:40 (2294 turns).

drasked the Chopper (Hill Orc Monk)                 Turns: 2294, Time: 00:03:40

Health: -2/41      AC:  3    Str: 13    XL:     4   Next: 1%
Magic:  4/4        EV: 13    Int: 11    God:
Gold:   33         SH:  0    Dex: 13    Spells: 3/3 levels left

rFire    . . .     SeeInvis .   a - +0 hand axe
rCold    . . .     Gourm    .   (no shield)
rNeg     . . .     Faith    .   b - +0 robe
rPois    .         Spirit   .   (no helmet)
rElec    .         Reflect  .   m - +0 cloak
rCorr    .         Harm     .   (no gloves)
MR       .....                  (no boots)
Stlth    ++........             (no amulet)
HPRegen  0.13/turn              (no ring)
MPRegen  0.09/turn              (no ring)

@: no status effects
A: no striking features
a: no special abilities


You were on level 2 of the Dungeon.
You were not hungry.

You visited 1 branch of the dungeon, and saw 2 of its levels.

You collected 33 gold pieces.

Inventory:

Hand Weapons
 a - a +0 hand axe (weapon)
Missiles
 l - 11 poisoned darts (quivered)
Armour
 b - a +0 robe (worn)
 m - a +0 cloak (worn)
   (You found it on level 1 of the Dungeon)
Scrolls
 g - a scroll of enchant weapon {unknown}
 h - 3 scrolls of remove curse {unknown}
 k - a scroll of enchant armour {unknown}
 n - a scroll of fear {unknown}
Potions
 c - a potion of mutation {unknown}
 d - a potion of might {unknown}
 f - a potion of heal wounds {unknown}
 i - a potion of magic {unknown}
 j - a potion of brilliance {unknown}
Comestibles
 e - 3 rations


   Skills:
 + Level 4.4 Fighting
 * Level 5.6 Axes
 - Level 2.4 Dodging
 - Level 1.5 Stealth


You had 3 spell levels left.
You didn't know any spells.
Your spell library was empty.

Dungeon Overview and Level Annotations

Branches:
Dungeon (2/15)

Altars:


Message History

You throw a poisoned dart. The poisoned dart hits the goblin.
The goblin looks even sicker.
Throwing (i - inventory)
l - 9 poisoned darts (quivered)
Aim: a goblin, wielding a +0 dagger (severely wounded, very poisoned)
You throw a poisoned dart.
The poisoned dart closely misses the goblin.
You kill the goblin!
A kobold and a skeleton come into view.
Throwing (i - inventory)
l - 8 poisoned darts (quivered)
Aim: a quokka You throw a poisoned dart.
The poisoned dart hits the quokka.
The quokka is poisoned.
The kobold shouts!
Throwing (i - inventory)
l - 7 poisoned darts (quivered)
Aim: a quokka (lightly wounded, poisoned)
You throw a poisoned dart. The poisoned dart hits the quokka.
Throwing (i - inventory)
l - 6 poisoned darts (quivered)
Aim: a quokka (heavily wounded, poisoned)
You throw a poisoned dart. The poisoned dart hits the quokka.
The quokka looks even sicker.
The quokka bites you.
You completely miss the quokka. The quokka bites you.
You kill the quokka!
The bullfrog skeleton hits you. The bullfrog skeleton hits you.
The bullfrog skeleton hits you.
* * * LOW HITPOINT WARNING * * *
You hit the bullfrog skeleton. The bullfrog skeleton hits you.
* * * LOW HITPOINT WARNING * * *
You hit the bullfrog skeleton but do no damage.
The bullfrog skeleton misses you.
The bullfrog skeleton closely misses you.
You hit the bullfrog skeleton. The bullfrog skeleton hits you.
* * * LOW HITPOINT WARNING * * *
You hit the bullfrog skeleton. The bullfrog skeleton hits you.
* * * LOW HITPOINT WARNING * * *
You hit the bullfrog skeleton. The bullfrog skeleton hits you.
* * * LOW HITPOINT WARNING * * *
There is a stone staircase leading up here.
The kobold completely misses you.
You climb upwards.
There is a stone staircase leading down here.
You barely miss the kobold. The kobold barely misses you.
You hit the kobold but do no damage. The kobold hits you but does no damage.
You hit the kobold. The kobold hits you with a +0 club.
* * * LOW HITPOINT WARNING * * *
You hit the kobold. You hit the kobold.
You kill the kobold!
You have reached level 4!
You start resting.
Eating one of 2 chunks of flesh {@w0}.
You eat one of the 2 chunks of flesh {@w0}.
All of the chunks of flesh in your inventory have rotted away.
You climb downwards.
There is a stone staircase leading up here.
l - 7 poisoned darts (gained 2)
You see here a +0 dagger.
l - 9 poisoned darts (gained 2)
l - 10 poisoned darts (gained 1)
l - 11 poisoned darts (gained 1)
l - 12 poisoned darts (gained 1)
l - 13 poisoned darts (gained 1)
The bullfrog skeleton is too close now for your liking.
A bullfrog skeleton is nearby!
Throwing (i - inventory)
l - 13 poisoned darts (quivered)
Aim: a bullfrog skeleton (lightly damaged, hasn't noticed you)
You throw a poisoned dart.
The poisoned dart hits the bullfrog skeleton.
Throwing (i - inventory)
l - 12 poisoned darts (quivered)
Aim: a bullfrog skeleton (lightly damaged)
You throw a poisoned dart.
The poisoned dart barely misses the bullfrog skeleton.
You slash the bullfrog skeleton! The bullfrog skeleton hits you.
The bullfrog skeleton hits you!
You barely miss the bullfrog skeleton. The bullfrog skeleton hits you.
You are too injured to fight recklessly!
You are too injured to fight recklessly!
You are too injured to fight recklessly!
You hit the bullfrog skeleton. The bullfrog skeleton hits you.
* * * LOW HITPOINT WARNING * * *
You barely miss the bullfrog skeleton.
The bullfrog skeleton completely misses you.
The bullfrog skeleton hits you.
* * * LOW HITPOINT WARNING * * *
You hit the bullfrog skeleton.
The bullfrog skeleton barely misses you.
You barely miss the bullfrog skeleton.
The bullfrog skeleton closely misses you.
You hit the bullfrog skeleton. The bullfrog skeleton hits you.
* * * LOW HITPOINT WARNING * * *
The bullfrog skeleton hits you.
* * * LOW HITPOINT WARNING * * *
You hit the bullfrog skeleton.
The bullfrog skeleton hits you but does no damage.
You barely miss the bullfrog skeleton. The bullfrog skeleton hits you.
* * * LOW HITPOINT WARNING * * *
You barely miss the bullfrog skeleton. The bullfrog skeleton hits you.
* * * LOW HITPOINT WARNING * * *
The bullfrog skeleton hits you.
You die...

..... #.<......... ...##
#.(......>. #.....[...
### ##.......## #..
#..)(.....# ###.#
#....(....# ######...#
#...Z....[###..#...###
#....@.<....#....###
##.........#.#.#...#
##.........##.....#...#
#...#..#...##....####...
#........)......## ...
#..#......#...##.# .#
#............###.# #
#............# #..
#..#......#..# ##.#


You could see a bullfrog skeleton.

Levels and vault maps discovered:
D:1:      dpeg_arrival_refuge, layout_loops_ring, kennysheep_another_room,
          kennysheep_minor_cross
D:2:      layout_rooms, minmay_misc_feat_plants, mrwooster_statue_mirror

Notes
Turn   | Place    | Note
-------+----------+-------------------------------------------
     0 | D:1      | drasked the Hill Orc Monk began the quest for the Orb.
     0 | D:1      | Reached XP level 1. HP: 19/19 MP: 1/1
     6 | D:1      | Identified a +0 club
     7 | D:1      | Identified a +0 short sword
   164 | D:1      | Identified a +0 dagger
   171 | D:1      | HP: 4/20 [kobold/+0 dagger (3)]
   174 | D:1      | Reached XP level 2. HP: 4/27 MP: 2/2
   476 | D:1      | Identified a +0 club
   507 | D:1      | Identified a +0 club
   662 | D:1      | Reached skill level 4 in Fighting
   795 | D:1      | Reached skill level 5 in Axes
   803 | D:1      | Reached XP level 3. HP: 27/33 MP: 3/3
  1146 | D:1      | Identified a +0 club
  1217 | D:1      | Identified a +0 dagger
  1443 | D:1      | Identified a +0 cloak (You found it on level 1 of the
                  | Dungeon)
  1473 | D:2      | Identified a +0 dagger
  1953 | D:2      | Identified a +0 club
  1985 | D:2      | Identified a +0 club
  1985 | D:2      | Identified a +0 leather armour
  1999 | D:2      | HP: 8/34 [bullfrog skeleton (1)]
  2008 | D:1      | HP: 7/34 [kobold/+0 club (2)]
  2010 | D:1      | Reached XP level 4. HP: 9/41 MP: 4/4
  2291 | D:2      | HP: 10/41 [bullfrog skeleton (3)]
  2294 | D:2      | HP: 2/41 [bullfrog skeleton (4)]
  2294 | D:2      | Slain by a bullfrog skeleton

Table legend:
 A = Turns spent in this place as a percentage of turns spent in the entire game.
 B = Non-inter-level travel turns spent in this place as a percentage of non-inter-level travel turns spent in the entire game.
 C = Inter-level travel turns spent in this place as a percentage of turns spent in this place.
 D = Turns resting spent in this place as a percentage of non-inter-level travel turns spent in this place.
 E = Turns spent auto-exploring this place as a percentage of non-inter-level travel turns spent in this place.
 F = Non-inter-level travel turns spent in this place divided by the number of levels of this place that you've seen.
                   A       B       C       D       E      F
               +-------+-------+-------+-------+-------+----------------------
         Total | 100.0 | 100.0 |   2.7 |  46.3 |  39.2 | 1115.5
       Dungeon | 100.0 | 100.0 |   2.7 |  46.3 |  39.2 | 1115.5
               +-------+-------+-------+-------+-------+----------------------

Table legend:
 A = Kills in this place as a percentage of kills in entire the game.
 B = Kills by you in this place as a percentage of kills by you in the entire game.
 C = Kills by friends in this place as a percentage of kills by friends in the entire game.
 D = Other kills in this place as a percentage of other kills in the entire game.
 E = Experience gained in this place as a percentage of experience gained in the entire game.
 F = Experience gained in this place divided by the number of levels of this place that you have seen.
                   A       B       C       D       E      F
               +-------+-------+-------+-------+-------+----------------------
         Total | 100.0 | 100.0 |   N/A |   N/A | 100.0 |  41.5
       Dungeon | 100.0 | 100.0 |   N/A |   N/A | 100.0 |  41.5
               +-------+-------+-------+-------+-------+----------------------

Skill      XL: |  1  2 |
---------------+-------+-----
Fighting       | 4 |  4.4
Axes           | 5 |  5.6
Dodging        | |  2.4
Stealth        | |  1.5

Action                   |  1- 3 |  4- 6 || total
-------------------------+-------+-------++-------
Melee: Hand axe          |    95 |    10 ||   105
Throw: Stone             |     1 |       ||     1
       Dart              |    71 |     2 ||    73
  Eat: Chunk             |     3 |     1 ||     4
Armor: Robe              |    18 |     1 ||    19
Dodge: Dodged            |    74 |     3 ||    77

Vanquished Creatures
  An adder (D:1)
  A dart slug (D:1)
  2 leopard geckos (D:1)
  3 giant cockroaches (D:1)
  4 goblins
  5 hobgoblins
  5 jackals
  4 kobolds (D:1)
  A quokka (D:2)
  A ball python (D:2)
  6 bats (D:1)
  3 frilled lizards
  4 rats
40 creatures vanquished.
